 Dungeon Sprint DCSS version 0.24.0-125-gc4c63601f3 (webtiles) character file.

Game seed: 4179563335917450847, levelgen mode: deterministic

35 McKennaii the Skirmisher (level 3, -3/31 HPs)
             Began as a Demonspawn Fighter on Mar 8, 2020.
             Was an Initiate of Cheibriados.
             Slain by a two-headed ogre
             ... wielding a +0 giant club
              (16 damage)
             ... in the Dungeon (Sprint IX: "|||||||||||||||||||||||||||||").
             The game lasted 00:01:47 (140 turns).

McKennaii the Skirmisher (Demonspawn Fighter)        Turns: 140, Time: 00:01:50

Health: -3/31      AC: 14    Str: 18    XL:     3   Next: 17%
Magic:  3/3        EV:  9    Int: 10    God:    Cheibriados [......]
Gold:   0          SH:  0    Dex: 13    Spells: 2/2 levels left

rFire    . . .     SeeInvis .   q - +2 halberd (flame)
rCold    . . .     Gourm    .   (shield currently unavailable)
rNeg     . . .     Faith    .   t - +1 chain mail
rPois    .         Spirit   .   r - +0 helmet
rElec    .         Reflect  .   (no cloak)
rCorr    .         Harm     .   (no gloves)
MR       .....     NoTele   +   s - +0 pair of boots
Stlth    ..........             (no amulet)
HPRegen  0.10/turn              b - +2 ring of evasion
MPRegen  0.08/turn              u - +2 ring of protection

@: very slow
A: hooves 1
a: Bend Time, Renounce Religion


You were in the Dungeon.
You worshipped Cheibriados.
Cheibriados was noncommittal.
You were not hungry.

You visited 1 branch

Inventory:

Hand Weapons
 a - a +0 trident
 p - the +1 broad axe of Woe {venom, rElec rPois rF- MR+}
   (You found it in the Dungeon)

   It poisons the flesh of those it strikes.
   It makes you vulnerable to fire.
   It insulates you from electricity.
   It protects you from poison.
   It affects your resistance to hostile enchantments.
 q - a +2 halberd of flaming (weapon)
Armour
 c - a +0 shield
 r - a +0 helmet (worn)
 s - a +0 pair of boots (worn)
 t - a +1 chain mail (worn)
Jewellery
 b - a +2 ring of evasion (left hand)
 u - a +2 ring of protection (right hand)
Wands
 o - a wand of acid (10)
Scrolls
 k - 2 scrolls of blinking
 m - 3 scrolls of remove curse
 n - 2 scrolls of amnesia
Potions
 d - a potion of might
 e - a potion of invisibility
 g - 3 potions of heal wounds
 h - a potion of haste
 i - 4 potions of magic
 j - a potion of berserk rage
 l - 4 potions of curing
Comestibles
 f - a ration


   Skills:
 + Level 4.5 Fighting
 * Level 4.2 Polearms
 + Level 4.0 Armour
 + Level 0.2 Dodging
 - Level 2.6 Shields


You had 2 spell levels left.
You didn't know any spells.
Your spell library was empty.

Dungeon Overview and Level Annotations

Branches:
Dungeon (1/1)

Altars:
Cheibriados
Dithmenos
Elyvilon
Fedhas
Gozag
Hepliaklqana
Kikubaaqudgha
Makhleb
Nemelex Xobeh
Okawaru
Qazlal
Ru
Sif Muna
Trog
Uskayaw
Vehumet
Wu Jian
Xom
Yredelemnul
Zin
The Shining One
Beogh
Jiyva
Lugonu


Innate Abilities, Weirdness & Mutations

You have large cloven feet.


Message History

Okay, then.
Take off which item? (? for menu, Esc to quit)
You start removing your armour.
You continue taking off your +0 shield. x4
You finish taking off your +0 shield.
Your +2 halberd of flaming bursts into flame!
q - a +2 halberd of flaming (weapon)
You open the door.
A hound, a yak, a bullfrog, a gargoyle, a two-headed ogre and a skeleton come into view.
The yak bellows!
The bullfrog gives a loud, deep croak!
The hound barks!
The two-headed ogre shouts in stereo!
You hit the two-headed ogre but do no damage.
The two-headed ogre closely misses you.
The two-headed ogre hits you but does no damage.
You puncture the two-headed ogre! You burn the two-headed ogre.
The two-headed ogre is moderately wounded.
The two-headed ogre hits you with a +0 giant club!!
Ouch! That really hurt!
The two-headed ogre hits you with a +0 giant club!
Ouch! That really hurt!
You die...

▓.▓
▓Y▓
▓F▓
▓9▓
▓h▓
▓Z▓
▓O▓
▓@▓
▓.▓
▓[▓
▓.▓
▓.▓
▓)▓
▓|▓
▓.▓
▓.▓


You could see a two-headed ogre, a yak, a gargoyle, a bullfrog, a hound and a
bat skeleton.

Vanquished Creatures
  A worker ant (D)
  A worm (D)
  An orc (D)
  A jackal (D)
  2 kobolds (D)
  A bat (D)
  2 frilled lizards (D)
  A rat (D)
10 creatures vanquished.

Notes
Turn   | Place    | Note
-------+----------+-------------------------------------------
     0 | D        | McKennaii the Demonspawn Fighter began the quest for the
                  | Orb.
     0 | D        | Reached XP level 1. HP: 18/18 MP: 1/1
    30 | D        | Noticed a worker ant
    42 | D        | Killed a worker ant
    42 | D        | Gained mutation: You have large cloven feet. [demonic
                  | ancestry]
    42 | D        | Reached XP level 2. HP: 24/26 MP: 2/2
    42 | D        | Reached XP level 3. HP: 29/31 MP: 3/3
    62 | D        | Found a roughly hewn altar of Beogh.
    62 | D        | Found a snail-covered altar of Cheibriados.
    62 | D        | Found a shadowy altar of Dithmenos.
    62 | D        | Found a white marble altar of Elyvilon.
    62 | D        | Found a blossoming altar of Fedhas.
    62 | D        | Found an opulent altar of Gozag.
    63 | D        | Found a hazy altar of Hepliaklqana.
    64 | D        | Found a viscous altar of Jiyva.
    65 | D        | Found an ancient bone altar of Kikubaaqudgha.
    66 | D        | Became a worshipper of Cheibriados the Contemplative
    67 | D        | Found a corrupted altar of Lugonu.
    68 | D        | Found a burning altar of Makhleb.
    69 | D        | Found a sparkling altar of Nemelex Xobeh.
    70 | D        | Found an iron altar of Okawaru.
    71 | D        | Found a stormy altar of Qazlal.
    72 | D        | Found a sacrificial altar of Ru.
    73 | D        | Found a shimmering blue altar of Sif Muna.
    74 | D        | Found a bloodstained altar of Trog.
    75 | D        | Found a hide-covered altar of Uskayaw.
    76 | D        | Found a radiant altar of Vehumet.
    77 | D        | Found an ornate altar of the Wu Jian Council.
    78 | D        | Found a shimmering altar of Xom.
    79 | D        | Found a basalt altar of Yredelemnul.
    80 | D        | Found a glowing silver altar of Zin.
    81 | D        | Found a glowing golden altar of the Shining One.
    98 | D        | Got the +1 broad axe of Woe {venom, rElec rPois rF- MR+}
   138 | D        | Noticed a yak
   138 | D        | Noticed a bullfrog
   138 | D        | Noticed a gargoyle
   138 | D        | Noticed a two-headed ogre
   140 | D        | Slain by a two-headed ogre

Levels and vault maps discovered:
D:        linesprint [early_d, line_temple, items_1, d_10, items_2, lair_1,
          lair_end, items_3, orc_1, orc_end, items_4, d_15, swamp_1, shoals_1,
          snake_1, spider_1, d_20, vaults_1, items_5, swamp_end, shoals_end,
          snake_end, spider_end, vaults_end, d_27, items_6, zot_1, zot_end,
          crypt_end, forest_end, elf_end, slime_end, tomb_end, abyss_end,
          pan_hell_end]

Skill      XL: |  1  2  3 |
---------------+----------+-----
Polearms       | 3 4 |  4.2
Armour         | 3 4 |  4.0
Fighting       | 4 |  4.5
Dodging        | |  0.2
Shields        | |  2.6

Action                   || total
-------------------------++-------
Melee: Trident           ||    40
       Kick              ||     3
       Halberd           ||     2
  Use: Potion            ||     1
Armor: Scale mail        ||    16
       Chain mail        ||     1
Dodge: Dodged            ||     8
Block: Shield            ||    18
